 Dungeon Crawl Stone Soup version 0.24-a0-139-geb6712d (webtiles) character file.

Game seed: 13582503170376545359

44768 snowfan the Eclecticist (level 13, -1/72 HPs)
             Began as a Deep Elf Venom Mage on Mar 2, 2019.
             Was a High Priest of Vehumet.
             Killed from afar by a lindwurm (12 damage)
             ... with a blast of flame
             ... summoned by Kirke
             ... on level 15 of the Dungeon on Mar 3, 2019.
             The game lasted 02:01:40 (18120 turns).

snowfan the Eclecticist (Deep Elf Venom Mage)      Turns: 18120, Time: 02:01:41

Health: -1/72      AC:  0    Str:  5    XL:     13   Next: 98%
Magic:  24/35      EV: 22    Int: 28    God:    Vehumet [*****.]
Gold:   546        SH:  0    Dex: 15    Spells: 8/45 levels left

rFire    + . .     SeeInvis .   (weapon currently unavailable)
rCold    + . .     Gourm    .   (shield currently unavailable)
rNeg     . . .     Faith    .   (armour currently unavailable)
rPois    +         Spirit   .   (helmet currently unavailable)
rElec    +         Reflect  .   (cloak currently unavailable)
rCorr    +         Harm     +   (gloves currently unavailable)
MR       +....                  (boots currently unavailable)
Stlth    ++........             T - amulet of harm
HPRegen  0.22/turn              (ring currently unavailable)
MPRegen  0.24/turn              (ring currently unavailable)

@: pig-form (expiring), resistant, very slightly contaminated, slowed
A: small, clever 1, deterioration 1, screaming 2
a: Renounce Religion


You were on level 15 of the Dungeon.
You worshipped Vehumet.
Vehumet was extremely pleased with you.
You were not hungry.
You were a filthy swine.
You visited 2 branches of the dungeon, and saw 16 of its levels.
You also visited: Sewer.

You collected 1082 gold pieces.
You spent 536 gold pieces at shops.

Inventory:

Hand Weapons
 w - the +1 falchion of Welfare {elec, *Contam rC++ Dex+4}
   (You found it on level 5 of the Dungeon)

   Occasionally, upon striking a foe, it will discharge some electrical energy
   and cause terrible harm.
   It affects your dexterity (+4).
   It greatly protects you from cold.
   It causes magical contamination when unequipped.
 y - the +7 mace of Zuih {venom, rElec rN++ Int+2 Dex-5}
   (You found it on level 6 of the Dungeon)

   It poisons the flesh of those it strikes.
   It affects your intelligence (+2).
   It affects your dexterity (-5).
   It insulates you from electricity.
   It greatly protects you from negative energy.
 I - the +10 flail "Isamoj" {drain, MP+9 SInv}
   (You found it on level 8 of the Dungeon)

   A truly terrible weapon, it drains the life of those it strikes.
   It affects your magic capacity (+9).
   It lets you see invisible.
Armour
 s - a +0 robe (melded)
 v - a +0 pair of boots (melded)
 A - a +0 cloak (melded)
 R - the +2 pair of gloves of Integrity (melded) {rN++ Int+4}
   (You bought it in a shop on level 4 of the Dungeon)

   It affects your intelligence (+4).
   It greatly protects you from negative energy.
Magical Staves
 t - an uncursed staff of power (melded)
 J - an uncursed staff of cold
Jewellery
 j - a +6 ring of dexterity (melded)
 z - an uncursed ring of protection from magic {unknown}
 K - an uncursed ring of teleportation
 N - a +3 ring of protection (melded)
 T - an amulet of harm (around neck)
 U - a +4 ring of protection
Wands
 b - a wand of flame (54)
 m - a wand of acid (10)
 B - a wand of random effects (26)
 F - a wand of digging (5)
 G - a wand of paralysis (10)
 O - a wand of iceblast (13)
Scrolls
 a - 2 scrolls of vulnerability {unknown}
 e - 8 scrolls of remove curse
 f - 3 scrolls of magic mapping {unknown}
 g - 7 scrolls of identify
 h - a scroll of brand weapon {unknown}
 o - 3 scrolls of enchant armour {unknown}
 q - 5 scrolls of fear {unknown}
 r - 5 scrolls of blinking {unknown}
 u - a scroll of teleportation
 x - 3 scrolls of fog {unknown}
 C - 2 scrolls of acquirement {unknown}
 D - 5 scrolls of enchant weapon {unknown}
 S - a scroll of immolation {unknown}
Potions
 i - 4 potions of agility
 k - a potion of brilliance {unknown}
 l - 2 potions of haste
 n - 2 potions of berserk rage
 p - 10 potions of curing
 E - 5 potions of mutation
 L - a potion of invisibility {unknown}
 M - 2 potions of might
 P - 5 potions of degeneration {unknown}
 Q - a potion of flight {unknown}
Comestibles
 c - 24 rations
 H - a chunk of flesh


   Skills:
 - Level 5.1 Fighting
 - Level 10.7 Dodging
 - Level 2.4 Stealth
 + Level 16.6 Spellcasting
 - Level 9.9 Conjurations
 - Level 5.2 Hexes
 - Level 9.3 Transmutations
 - Level 1.1 Fire Magic
 - Level 9.2 Air Magic
 - Level 9.2 Poison Magic


You had 8 spell levels left.
You knew the following spells:

 Your Spells              Type           Power        Failure   Level  Hunger
a - Sting                 Conj/Pois      ####         1%          1    None
b - Venom Bolt            Conj/Pois      ######....   1%          5    None
c - Mephitic Cloud        Conj/Pois/Air  ######..     1%          3    None
d - Fulminant Prism       Conj/Hex       ######....   1%          4    None
e - Irradiate             Conj/Tmut      ######....   1%          5    None
f - Fireball              Conj/Fire      ######....   1%          5    None
q - Olgreb's Toxic Radia  Pois           ######..     1%          4    None
s - Shock                 Conj/Air       ####         1%          1    None
v - Poisonous Vapours     Pois/Air       ######       1%          2    None
w - Iskenderun's Mystic   Conj           ######..     1%          4    None
x - Inner Flame           Hex/Fire       #####...     1%          3    None

Your spell library contained the following spells:

 Spells                   Type           Power        Failure   Level  Hunger
 Bolt of Draining         Conj/Necr      ######....   2%          5    None
 Magic Dart               Conj           ####         1%          1    None
 Searing Ray              Conj           ######       1%          2    None
 Dazzling Spray           Conj/Hex       ######       1%          3    None
 Force Lance              Conj/Tloc      ######..     1%          4    None
 Blink                    Tloc           N/A          3%          2    None
 Shroud of Golubria       Chrm/Tloc      ###.......   3%          2    None
 Gell's Gravitas          Tloc           ###.......   6%          3    None
 Lesser Beckoning         Tloc           ###.......   6%          3    None
 Teleport Other           Tloc           ###.....     6%          3    None
 Passage of Golubria      Tloc           N/A          21%         4    None


Dungeon Overview and Level Annotations

Branches:
Dungeon (15/15)            Temple (1/1) D:4            Lair (0/6) D:11
    Orc (0/2) D:12         Vaults (0/5) D:13         Depths (0/5) D:15

Altars:
Ashenzari
Cheibriados
Dithmenos
Elyvilon
Fedhas
Gozag
Hepliaklqana
Kikubaaqudgha
Makhleb
Nemelex Xobeh
Okawaru
Qazlal
Ru
Sif Muna
Trog
Uskayaw
Vehumet
Wu Jian
Xom
Yredelemnul
Zin
The Shining One

Shops:
D:4 [[(}   D:11 !

Annotations:
D:7 DavidChitty1's ghost, novice MiFi
D:15 Kirke


Innate Abilities, Weirdness & Mutations

((You have a pair of small antennae on your head.))
((You have sharp toenails.))
Your mind is acute. (Int +2)
Your body sometimes deteriorates upon taking damage.
You sometimes yell uncontrollably at your foes.


Message History

Deactivating autopickup; reactivate with Ctrl-A.
There is an open door here.
There's a creature in the doorway!
The hog looks even sicker.
Your toxic aura wanes.
Vehumet accepts your kill.
You feel your power returning.
You feel a bit more experienced. The hog barely misses you.
The lindwurm breathes flames at you. The blast of flame hits you!!
You kill the hog!
Vehumet accepts your kill.
You feel your power returning. The lindwurm breathes flames at you.
The blast of flame hits you!!
* * * LOW HITPOINT WARNING * * *
You feel protected.
Your transformation is almost over.
The lindwurm breathes flames at you. The blast of flame hits you! You resist.
You die...

#......................##..
#......................##..
#......................##..
#......................##..
#......................##..
#......................##..
#......................##..
##.....####'#############..
#######..h............##..
#.....#.##............#...
#.....#.##............#...
#.....'.##............#...
#.....#..†k...#####...#...
#.....#.......#####...#...
#######...÷...........####
#######'############
#...................


You could see a lindwurm.

Vanquished Creatures
  A hydra (D:15)
  3 two-headed ogres
  5 centaur warriors
  8 skeletal warriors
  A deep troll (shapeshifter) (D:15)
  An unseen horror (D:10)
  5 deep elf magi
  A necromancer (D:13)
  12 ugly things (D:15)
  4 manticores
  4 cyclopes
  A naga mage (D:15)
  A guardian serpent (shapeshifter) (D:13)
  A centaur zombie (D:15)
  2 gargoyles
  A komodo dragon (D:12)
  2 efreet
  A harpy zombie (D:14)
  2 tengu conjurers (D:15)
  A merfolk (D:9)
  9 trolls
  A hornet (D:11)
  8 slime creatures
  3 hippogriffs
  A wraith (D:14)
  2 shadows
  7 wyverns
  4 hogs (D:15)
  24 yaks
  A vampire mosquito (D:15)
  A redback simulacrum (D:15)
  2 hungry ghosts
  2 wargs (D:12)
  An acid dragon (D:12)
  A soldier ant (D:14)
  A water moccasin (D:9)
  A hornet zombie (D:14)
  A swamp drake (D:11)
  3 orc warriors
  3 ice beasts
  5 sky beasts
  3 necrophages
  An eye of draining (D:13)
  3 ogres
  18 centaurs
  A crocodile (D:11)
  2 big kobolds
  10 bullfrogs
  A wyvern zombie (D:13)
  2 wyvern skeletons
  3 scorpions
  18 wights
  12 killer bees
  5 howler monkeys
  5 crimson imps
  A quasit (D:11)
  2 bullfrog zombies
  6 hounds
  A wyvern simulacrum (D:14)
  2 bullfrog skeletons
  7 centaur skeletons
  6 jellies
  5 orc priests
  12 orc wizards
  Crazy Yiuf (D:6)
  3 iguanas
  10 worker ants
  A hound zombie (D:10)
  2 worker ant zombies
  A howler monkey skeleton (D:2)
  15 adders
  4 shadow imps
  An adder skeleton (D:5)
  A worm (D:3)
  A dart slug (D:3)
  9 leopard geckos
  30 orcs
  4 ball pythons
  10 giant cockroaches
  8 goblins
  9 hobgoblins
  15 jackals
  7 quokkas
  8 bats
  5 frilled lizards
  A jackal skeleton (D:7)
  15 kobolds
  A leopard gecko skeleton (D:5)
  2 rats
428 creatures vanquished.

Vanquished Creatures (others)
  33 fulminant prisms
33 creatures vanquished.

Grand Total: 461 creatures vanquished

Notes
Turn   | Place    | Note
-------+----------+-------------------------------------------
     0 | D:1      | snowfan the Deep Elf Venom Mage began the quest for the
                  | Orb.
     0 | D:1      | Reached XP level 1. HP: 10/10 MP: 6/6
   257 | D:1      | Reached XP level 2. HP: 11/15 MP: 2/8
   912 | D:2      | Found an opulent altar of Gozag.
   954 | D:2      | Learned a level 2 spell: Poisonous Vapours
  1096 | D:2      | Reached XP level 3. HP: 14/19 MP: 4/9
  1442 | D:2      | Reached skill level 5 in Poison Magic
  1700 | D:3      | Reached XP level 4. HP: 24/24 MP: 5/10
  1933 | D:3      | Found a burning altar of Makhleb.
  2154 | D:3      | Found a shimmering altar of Xom.
  2390 | D:4      | Found Vydun's Armour Shoppe.
  2417 | D:4      | Found Wivior's Weapon Shoppe.
  2418 | D:4      | Found a staircase to the Ecumenical Temple.
  2437 | Temple   | Entered the Ecumenical Temple
  2572 | Temple   | Became a worshipper of Vehumet
  2633 | D:4      | Reached XP level 5. HP: 25/28 MP: 3/12
  2645 | D:4      | Learned a level 4 spell: Olgreb's Toxic Radiance
  2649 | D:4      | Learned a level 3 spell: Mephitic Cloud
  2718 | D:4      | Found Hikhomet's Antique Armour Emporium.
  2863 | D:4      | Found Ecieror's Gadget Emporium.
  2872 | D:4      | Reached skill level 4 in Spellcasting
  3396 | D:4      | Reached XP level 6. HP: 32/32 MP: 1/14
  3685 | D:4      | Found a deep blue altar of Sif Muna.
  3721 | D:5      | Entered Level 5 of the Dungeon
  3844 | D:5      | Noticed a +0 hand axe
  3845 | D:5      | Found a hide-covered altar of Uskayaw.
  3847 | D:5      | Noticed a +0 hand axe
  4283 | D:5      | Got a translucent falchion
  4284 | D:5      | Identified the cursed +1 falchion of Welfare {elec, *Contam
                  | rC++ Dex+4} (You found it on level 5 of the Dungeon)
  4361 | D:5      | Reached skill level 5 in Spellcasting
  4529 | D:6      | Reached XP level 7. HP: 19/36 MP: 6/16
  4598 | D:6      | Got an ichor-stained mace
  4604 | D:6      | Found a runed translucent door.
  4605 | D:6      | Noticed Crazy Yiuf
  4617 | D:6      | Killed Crazy Yiuf
  4683 | D:6      | Reached * piety under Vehumet
  4683 | D:6      | Offered knowledge of Shock by Vehumet.
  4770 | D:6      | Found a glowing drain.
  4792 | Sewer    | Entered a sewer
  4920 | Sewer    | Learned a level 1 spell: Shock
  4991 | Sewer    | Reached ** piety under Vehumet
  4995 | Sewer    | Reached skill level 6 in Spellcasting
  5006 | Sewer    | Offered knowledge of Throw Frost by Vehumet.
  5183 | Sewer    | Gained mutation: You have a pair of small antennae on your
                  | head. [potion of mutation]
  5183 | Sewer    | Gained mutation: You occasionally shout uncontrollably at
                  | your foes. [potion of mutation]
  5183 | Sewer    | Gained mutation: You have sharp toenails. [potion of
                  | mutation]
  5183 | Sewer    | Gained mutation: Your mind is acute. (Int +2) [potion of
                  | mutation]
  5470 | D:6      | Reached skill level 5 in Dodging
  5669 | D:6      | Gained mutation: Your body sometimes deteriorates upon
                  | taking damage. [mutagenic glow]
  5707 | D:6      | Reached XP level 8. HP: 28/41 MP: 19/19
  5949 | D:6      | Identified the +7 mace of Zuih {venom, rElec rN++ Int+2
                  | Dex-5} (You found it on level 6 of the Dungeon)
  6314 | D:7      | Found a sacrificial altar of Ru.
  6559 | D:7      | Noticed a hippogriff
  6581 | D:7      | Killed a hippogriff
  7228 | D:8      | Reached skill level 5 in Air Magic
  7256 | D:8      | Noticed a two-headed ogre
  7276 | D:8      | Killed a two-headed ogre
  7276 | D:8      | Reached XP level 9. HP: 45/45 MP: 2/21
  7289 | D:8      | Offered knowledge of Inner Flame by Vehumet.
  7294 | D:8      | Learned a level 3 spell: Inner Flame
  7359 | D:8      | Noticed DavidChitty1's ghost (novice MiFi)
  7362 | D:8      | Got an iridescent flail
  7371 | D:8      | Gained mutation: You sometimes yell uncontrollably at your
                  | foes. [mutagenic glow]
  7473 | D:8      | Found a runed translucent gate.
  7473 | D:8      | Found a runed translucent gate.
  7473 | D:8      | Found a runed translucent gate.
  7912 | D:8      | Reached skill level 1 in Hexes
  8248 | D:9      | Reached *** piety under Vehumet
  8370 | D:9      | Reached skill level 7 in Spellcasting
  8416 | D:9      | Reached XP level 10. HP: 26/49 MP: 22/22
  8453 | D:9      | Offered knowledge of Static Discharge by Vehumet.
  9055 | D:9      | Reached skill level 1 in Fighting
  9212 | D:9      | Identified the +10 flail "Isamoj" {drain, MP+9 SInv} (You
                  | found it on level 8 of the Dungeon)
  9309 | D:9      | Reached **** piety under Vehumet
  9309 | D:9      | Reached skill level 5 in Hexes
  9597 | D:9      | Learned a level 5 spell: Venom Bolt
  9651 | D:10     | Entered Level 10 of the Dungeon
  9819 | D:10     | Noticed an unseen horror
  9830 | D:10     | Killed an unseen horror
  9830 | D:10     | Reached skill level 5 in Conjurations
 10183 | D:10     | Offered knowledge of Irradiate by Vehumet.
 10191 | D:10     | Learned a level 5 spell: Irradiate
 10224 | D:10     | Reached skill level 8 in Spellcasting
 10264 | D:10     | Reached skill level 9 in Spellcasting
 10527 | D:11     | Reached skill level 10 in Spellcasting
 10527 | D:11     | Reached XP level 11. HP: 55/55 MP: 27/27
 10585 | D:11     | Learned a level 4 spell: Iskenderun's Mystic Blast
 10807 | D:11     | Found Nufusch's Distillery.
 10815 | D:11     | Bought a potion of might for 52 gold pieces
 11341 | D:4      | Bought the +2 pair of gloves of Integrity {rN++ Int+4} for
                  | 484 gold pieces
 11586 | D:11     | Found a staircase to the Lair.
 11708 | D:11     | Reached ***** piety under Vehumet
 11815 | D:11     | Offered knowledge of Fireball by Vehumet.
 12001 | D:12     | Noticed a skeletal warrior
 12114 | D:12     | Reached skill level 11 in Spellcasting
 12126 | D:12     | Noticed a skeletal warrior
 12184 | D:12     | Noticed a skeletal warrior
 12206 | D:11     | Killed a skeletal warrior
 12206 | D:11     | Reached skill level 12 in Spellcasting
 12382 | D:12     | Learned a level 5 spell: Fireball
 12395 | D:12     | Noticed a skeletal warrior
 12395 | D:12     | Noticed a skeletal warrior
 12509 | D:12     | Killed a skeletal warrior
 12509 | D:12     | Reached skill level 13 in Spellcasting
 12660 | D:12     | Reached skill level 1 in Transmutations
 12667 | D:12     | Noticed a skeletal warrior
 12670 | D:12     | Noticed a skeletal warrior
 12674 | D:11     | Killed a skeletal warrior
 12872 | D:12     | Reached skill level 5 in Transmutations
 12872 | D:12     | Reached XP level 12. HP: 26/60 MP: 28/31
 13189 | D:12     | Noticed a two-headed ogre
 13193 | D:12     | Killed a two-headed ogre
 13356 | D:12     | Learned a level 4 spell: Fulminant Prism
 13730 | D:13     | Offered knowledge of Throw Icicle by Vehumet.
 13871 | D:12     | Found a staircase to the Orcish Mines.
 14286 | D:13     | Reached skill level 1 in Fire Magic
 14679 | D:13     | Noticed a centaur warrior
 14682 | D:13     | Killed a centaur warrior
 14998 | D:13     | Found a gate to the Vaults.
 15155 | D:13     | Reached skill level 10 in Dodging
 15328 | D:13     | Reached XP level 13. HP: 65/65 MP: 24/32
 16612 | D:14     | Reached skill level 5 in Fighting
 16665 | D:15     | Entered Level 15 of the Dungeon
 17148 | D:15     | Reached skill level 14 in Spellcasting
 17291 | D:15     | Reached skill level 15 in Spellcasting
 17547 | D:15     | Offered knowledge of Bolt of Draining by Vehumet.
 17603 | D:15     | Reached skill level 16 in Spellcasting
 17967 | D:15     | Found a staircase to the Depths.
 18097 | D:15     | Identified the +7 dagger "Juikhlew" {speed, rC+ Dex+3}
 18097 | D:15     | Noticed Kirke
 18120 | D:15     | Killed from afar by a lindwurm

Levels and vault maps discovered:
D:1:      dpeg_arrival_oval, layout_loops_ring
D:2:      layout_rooms, marbit_many_paths
D:3:      layout_loops_ring, lemuel_round_altar, xom_teletrap_fun
D:4:      layout_loops_corners, lemuel_blue_sif_altar,
          minmay_temple_entry_sparse_star, serial_shops, shop, shop,
          kennysheep_little_box, shop
D:5:      layout_loops_ring, dancing_weapons_uskayaw, first_ration
D:6:      layout_loops_cross, gup_sewer_entry_glass, glass_columns_c,
          uniq_crazy_yiuf_cottage
D:7:      layout_loops_ring, lemuel_doored_altar
D:8:      layout_loops_ring, gammafunk_ghost_split, st_stairs_9
D:9:      layout_gridville, hangedman_fish_farm
D:10:     layout_roguey
D:11:     layout_grid_maze, erik_lair_dragon, serial_shops,
          nicolae_shop_waterfront, serial_glass, glass_columns_c,
          glass_columns_a, glass_columns_c, glass_columns_a, feat_on_display,
          feat_on_display, minmay_parallelograms
D:12:     layout_small_grid, erik_orc_4, minmay_misc_feat_hallway
D:13:     layout_irregular_city, david_vaults_1, minmay_misc_feat_iff,
          hangedman_decor_slide_cut
D:14:     layout_irregular_city
D:15:     hangedman_depths_entry_try_elsewhere_first, layout_stronghold,
          uniq_kirke
Temple:   eino_temple_scatter_basement
Sewer:    sewer_frog_island_01

Skill      XL: |  1  2  3  4  5  6  7  8  9 10 11 12 13 |
---------------+----------------------------------------+-----
Poison Magic   | 4 5 6 7 8 9 |  9.2
Spellcasting   | 4 5 6 7 10 13 16 | 16.6
Dodging        | 3 4 5 7 8 10 | 10.7
Air Magic      | 7 8 9 |  9.2
Hexes          | 4 5 |  5.2
Fighting       | 1 5 |  5.1
Conjurations   | 6 8 9 |  9.9
Transmutations | 5 9 |  9.3
Fire Magic     | 1 |  1.1
Stealth        | |  2.4

Action                   |  1- 3 |  4- 6 |  7- 9 | 10-12 | 13-15 || total
-------------------------+-------+-------+-------+-------+-------++-------
Melee: Short sword       |    32 |    34 |       |       |       ||    66
       Falchion          |       |    13 |    55 |       |       ||    68
       Staff             |       |       |    21 |    13 |     1 ||    35
       Flail             |       |       |       |     6 |       ||     6
 Cast: Sting             |    32 |     7 |     7 |     1 |     1 ||    48
       Poisonous Vapours |    15 |    32 |    67 |    37 |       ||   151
       Olgreb's Toxic Ra |       |     7 |    37 |    66 |    36 ||   146
       Shock             |       |       |    49 |    41 |       ||    90
       Mephitic Cloud    |       |       |     6 |    25 |    22 ||    53
       Inner Flame       |       |       |     1 |     8 |       ||     9
       Irradiate         |       |       |       |    21 |     6 ||    27
       Venom Bolt        |       |       |       |    11 |     8 ||    19
       Iskenderun's Myst |       |       |       |   116 |    44 ||   160
       Fireball          |       |       |       |    15 |    16 ||    31
       Fulminant Prism   |       |       |       |    10 |    23 ||    33
  Use: Potion            |       |     2 |     5 |     4 |     1 ||    12
       Scroll            |       |       |     7 |     3 |     1 ||    11
 Stab: Sleeping          |     2 |     4 |     1 |       |       ||     7
       Distracted        |       |     1 |       |       |       ||     1
  Eat: Chunk             |     3 |    11 |    15 |    24 |     8 ||    61
Armor: Robe              |     8 |     4 |    18 |    16 |     7 ||    53
Dodge: Dodged            |    37 |    47 |   108 |   101 |    53 ||   346
       Rpst.: Falchion   |       |     9 |    13 |       |       ||    22

Table legend:
 A = Non-vault XP
 B = Vault XP
 C = Vault XP percentage of total XP
 D = Non-vault monster count
 E = Vault monster count
 F = Vault count percentage of total count
                 A         B        C        D         E       F
            +---------+---------+-------+---------+---------+-------
      Total |   55481 |    8474 |  13.2 |     364 |      64 |  15.0
            +---------+---------+-------+---------+---------+-------
        D:1 |      22 |       0 |   0.0 |      13 |       0 |   0.0
        D:2 |      49 |       2 |   3.9 |      15 |       1 |   6.2
        D:3 |      71 |       0 |   0.0 |      20 |       0 |   0.0
        D:4 |     274 |       0 |   0.0 |      11 |       0 |   0.0
        D:5 |     192 |       0 |   0.0 |      14 |       0 |   0.0
        D:6 |     643 |      67 |   9.4 |      16 |       4 |  20.0
        D:7 |     717 |       0 |   0.0 |      25 |       0 |   0.0
        D:8 |     888 |    1247 |  58.4 |      18 |       5 |  21.7
        D:9 |    2861 |     313 |   9.9 |      38 |       1 |   2.6
       D:10 |    2925 |       0 |   0.0 |      26 |       0 |   0.0
       D:11 |    5362 |     833 |  13.4 |      35 |       6 |  14.6
       D:12 |   12961 |     567 |   4.2 |      45 |      16 |  26.2
       D:13 |    7023 |    1662 |  19.1 |      26 |       4 |  13.3
       D:14 |    6395 |       0 |   0.0 |      29 |       0 |   0.0
       D:15 |   15098 |    3558 |  19.1 |      33 |       8 |  19.5
      Sewer |       0 |     225 | 100.0 |       0 |      19 | 100.0
            +---------+---------+-------+---------+---------+-------
